 Dungeon Crawl Stone Soup version 0.20.1-1-g8b1a95d (webtiles) character file.

109 kae the Cudgeler (level 4, -19/29 HPs)
             Began as a Gargoyle Berserker on Sept 16, 2017.
             Was a Believer of Trog.
             Engulfed by a cloud of flame (30 damage)
             ... on level 3 of the Dungeon on Sept 17, 2017.
             The game lasted 00:02:36 (2051 turns).

kae the Cudgeler (Gargoyle Berserker)               Turns: 2051, Time: 00:02:36

Health: -19/29     AC: 11    Str: 22    XL:     4   Next: 89%
Magic:  4/4        EV: 12    Int:  7    God:    Trog [**....]
Gold:   76         SH:  0    Dex:  9    Spells: 3/3 levels left

rFire    . . .     SeeInvis .   a - +1 mace
rCold    . . .     Gourm    .   (no shield)
rNeg     + . .     Faith    .   b - +0 animal skin
rPois    ∞         Spirit   .   (no helmet)
rElec    +         Reflect  .   (no cloak)
rCorr    .         Harm     .   u - +1 pair of gloves
MR       .....                  (no boots)
Stlth    +.........             (no amulet)
Regen    0.1/turn               t - +3 ring of protection
MPRegen  0.1/turn               (no ring)

@: no status effects
A: negative energy resistance 1, electricity resistance, unbreathing,
petrification resistance, rot immunity, AC +3
a: Berserk, Trog's Hand, Burn Spellbooks, Renounce Religion


You were on level 3 of the Dungeon.
You worshipped Trog.
Trog was pleased with you.
You were not hungry.

You visited 1 branch of the dungeon, and saw 3 of its levels.

You collected 76 gold pieces.

Inventory:

Hand Weapons
 a - a +1 mace (weapon)
Missiles
 p - 3 throwing nets (quivered)
Armour
 b - a +0 animal skin (worn)
 u - a +1 pair of gloves (worn)
Jewellery
 t - a +3 ring of protection (left hand)
Scrolls
 d - a scroll of remove curse
 f - 5 scrolls of magic mapping
 i - a scroll of blinking
 j - 3 scrolls of teleportation
Potions
 h - 2 potions of brilliance
 k - 2 potions of might {unknown}
 l - a potion of lignification {unknown}
 o - a potion of heal wounds {unknown}
 s - a potion of magic {unknown}
Comestibles
 c - 2 bread rations
 g - 4 fruits
 q - a royal jelly


   Skills:
 + Level 3.8 Fighting
 * Level 4.6 Maces & Flails
 + Level 3.1 Armour
 - Level 1.5 Dodging


You had 3 spell levels left.
You didn't know any spells.

Dungeon Overview and Level Annotations

Branches:
Dungeon (3/15)

Altars:
Elyvilon
Sif Muna
Trog


Innate Abilities, Weirdness & Mutations

You are resistant to torment.
Your stone body is resilient. (AC +3)
You are immune to poison.
You resist negative energy. (rN+)
You are resistant to electric shocks. (rElec)
You can survive without breathing.
You are immune to petrification.
You are immune to rotting.


Message History

It was a scroll of immolation.
Blink to where?
Press: ? - help, Dir - move target cursor, f - you Are you sure you want to cancel this blink?
Okay, then.
As you read the scroll labeled CEARIAPS NIDI, it crumbles to dust.
It was a scroll of blinking.
An orc comes into view. It is wielding a mace.
The orc shouts!
Things that are here:
a mace; an orc corpse An orc comes into view.
It is wielding a mace of crushing.
You thump the orc!
The orc explodes!
The fiery explosion engulfs you!
Ouch! That really hurt!
Trog accepts your kill.
You are engulfed in blazing flames.
Ouch! That really hurt!
You die...

***************#####******
*,,,,,,,,,,,,,,....,,,,,,,
*,*************#..,,,,,*** *,*
#.#****,*,,
*******,##############†#####.#,,
*,,,,,,>o..o.§§@).............,,
*,******##############.#####..,,
*,* #.# *,,,, *,* #####'###
*,,,, *,* #.......# *,,,, *,*
#.......#**,,,, *,*
#...^...+,,,*,* *,*
#.......####*,, *,*
#............,,


You could see 2 orcs.

Vanquished Creatures
  4 adders (D:2)
  An ooze (D:2)
  3 dart slugs
  3 leopard geckos (D:1)
  2 orcs (D:3)
  7 bats
  3 giant cockroaches
  11 goblins
  4 hobgoblins
  2 jackals (D:2)
  3 kobolds
  3 quokkas (D:2)
  4 frilled lizards
  7 rats
57 creatures vanquished.

Notes
Turn   | Place    | Note
-------+----------+-------------------------------------------
     0 | D:1      | kae the Gargoyle Berserker began the quest for the Orb.
     0 | D:1      | Reached XP level 1. HP: 14/14 MP: 1/1
    50 | D:1      | Reached XP level 2. HP: 13/19 MP: 2/2
   351 | D:1      | Reached ** piety under Trog
   352 | D:1      | Reached XP level 3. HP: 21/23 MP: 3/3
   908 | D:2      | Reached skill level 4 in Maces & Flails
  1100 | D:2      | Reached XP level 4. HP: 29/29 MP: 4/4
  1222 | D:2      | Found a deep blue altar of Sif Muna.
  1224 | D:2      | Found a white marble altar of Elyvilon.
  1794 | D:2      | Found a bloodstained altar of Trog.
  2051 | D:3      | Engulfed by a cloud of flame

Skill      XL: |  1  2  3  4 |
---------------+-------------+-----
Maces & Flails | 4 |  4.6
Armour         | 3 |  3.1
Fighting       | |  3.8
Dodging        | |  1.5

Action                   |  1- 3 |  4- 6 || total
-------------------------+-------+-------++-------
Melee: Mace              |   126 |    77 ||   203
  Use: Scroll            |     1 |     8 ||     9
 Stab: Sleeping          |     1 |       ||     1
  Eat: Chunk             |     1 |     3 ||     4
Armor: Animal skin       |    46 |    18 ||    64
Dodge: Dodged            |   123 |    44 ||   167
